 Dungeon Crawl Stone Soup version 0.31-a0-303-gdc8c9485ea (webtiles) character file.

Game seed: 4651197718097020748

46 cforsyth the Changeling (level 4, 0/37 HPs)
             Began as a Meteoran Shapeshifter on July 17, 2023.
             Slain by Sigmund
             ... wielding a +0 scythe
              (7 damage)
             ... on level 2 of the Dungeon.
             The game lasted 00:04:28 (747 turns).

cforsyth the Changeling (Meteoran Shapeshifter)      Turns: 747, Time: 00:04:29

Health: 0/37       AC:  2    Str: 18    XL:     4   Next: 15%
Magic:  5/5        EV: 18    Int:  9    God:
Gold:   53         SH:  0    Dex: 15    Spells: 3/3 levels left

rFire   . .          .
                       - Unarmed
rCold   . . .        (no shield)
rNeg    . . .        a - +0 animal skin
rPois   .            (helmet currently unavailable)
rElec   .            (cloak currently unavailable)
rCorr   .            (gloves currently unavailable)
SInv    .            (boots currently unavailable)
Will    .....        (no amulet)
Stlth   +            e - +5 ring of evasion
HPRegen 0.26/turn    (no ring)
MPRegen 0.09/turn

%: no passive effects
@: beast-form, glowing
A: beast (slay +2), sense surroundings 1, otherworldly, glowing, explore regen
a: Begin Untransformation


You were on level 2 of the Dungeon.
You were a hulking beast.
You visited 1 branch of the dungeon, and saw 3 of its levels.

You collected 53 gold pieces.

Inventory:

Armour
 a - a +0 animal skin (worn)
Jewellery
 e - a +5 ring of evasion (left hand)
Talismans
 c - a beast talisman
Scrolls
 d - a scroll of fear {unknown}
 j - a scroll of identify {unknown}
Potions
 b - a potion of lignification
 f - a potion of curing {unknown}
 g - a potion of invisibility {unknown}
 h - a potion of haste {unknown}
 i - a potion of mutation {unknown}
 k - a potion of heal wounds {unknown}


   Skills:
 + Level 2.8 Fighting
 + Level 3.1 Dodging
 + Level 3.2 Unarmed Combat
 + Level 4.0 Shapeshifting


You had 3 spell levels left.
You didn't know any spells.
Your spell library contained the following spells:

 Spells                   Type           Power      Damage    Failure   Level
 Blink                    Tloc           0%         N/A       52%         2
 Lesser Beckoning         Tloc           0%         N/A       52%         2
 Momentum Strike          Conj/Tloc      0%         3d8       52%         2


Dungeon Overview and Level Annotations

Branches:
Dungeon (3/15) Zot: 1055

Altars:

Annotations:
D:2 Sigmund
D:3 Robin


Innate Abilities, Weirdness & Mutations

You are a hulking beast.
Your limbs bulge with bestial killing power. (Slay +2)
You passively map a small area around you.
You are easily found by Zot.
You glow in the dark.
You regain HP and MP as you explore.


Message History

Unknown command.
Robin roars a battlecry!
The goblins go into a battle-frenzy!
The goblin attacks as you move away! The goblin closely misses you.
Robin throws the goblin at you! The goblin misses you.
You hit the goblin.
You kill the goblin!
The goblin hits you with a +0 dagger.
Robin roars a battlecry!
The goblin attacks as you move away! The goblin closely misses you.
Robin throws the goblin at you! The goblin misses you.
You see here a +0 club.
The goblin attacks as you move away! The goblin completely misses you.
There is a stone staircase leading up here.
The goblin closely misses you. The goblin misses you.
You climb upwards.
There is a stone staircase leading down here.
The goblin attacks as you move away! The goblin completely misses you.
You are too injured to fight recklessly!
You hit the goblin.
You kill the goblin!
The goblin hits you with a +0 dagger.
You see here a +0 dagger.
You punch the goblin!
You kill the goblin!
You see here a +0 dagger.
Sigmund the Dreaded comes into view.
He is wielding a +0 scythe.
Sigmund shouts!
Sigmund gestures at you while chanting.
You are confused.
You bump into the rock wall.
Sigmund casts a spell.
Sigmund flickers and vanishes!
Deactivating autopickup; reactivate with Ctrl-A.
Unknown command.
Something hits you!
* * * LOW HITPOINT WARNING * * *
You feel less confused. Something hits you!
You die...

#.........####...##.#.######...##
'.........+......................
#.........####...####.######...##
##.......## ##.>))...# ##.##*
##.....## ##.###### ## ##...##
#.# ,, , #+## #.# * #.# #.# ##
#.# #h# #### .# ##.## #{# , ...
.###...## #.# **#. .##.....###
#.# # #. ..........# *#.# ##.###.
.####.###..., ,..# ,#...... .#
#)# ### ..###.. .# #.# * , ##.##.
## #.# , #...#.


There were no monsters in sight!

Vanquished Creatures
  An orc (D:3)
  4 ball pythons
  An endoplasm (D:1)
  A giant cockroach (D:1)
  15 goblins
  9 hobgoblins
  2 kobolds
  A quokka (D:3)
  A bat (D:2)
  A frilled lizard (D:1)
  A rat (D:1)
37 creatures vanquished.

Notes
Turn   | Place    | Note
-------+----------+-------------------------------------------
     0 | D:1      | cforsyth the Meteoran Shapeshifter began the quest for the
                  | Orb.
     0 | D:1      | Reached XP level 1. HP: 17/17 MP: 2/2
   100 | D:1      | Found a faded altar of an unknown god.
   184 | D:1      | Reached XP level 2. HP: 25/25 MP: 3/3
   528 | D:2      | Reached XP level 3. HP: 28/30 MP: 4/4
   715 | D:3      | Noticed Robin
   724 | D:3      | Reached skill level 4 in Shapeshifting
   724 | D:3      | Reached XP level 4. HP: 22/37 MP: 5/5
   742 | D:2      | Noticed Sigmund
   747 | D:2      | Slain by Sigmund

Illustrated notes

Levels and vault maps discovered:
D:1:      lightli_arrival_lavapool, layout_basic, basic_ecumenical_altar
D:2:      cheibrodos_greedy_goblins, layout_loops_corners, hex_tiny,
          uniq_sigmund
D:3:      minmay_angry_zag, layout_rooms, nicolae_overflow_hidden_temple,
          portal_sewer_entry_b, minmay_unequal, uniq_robin

Skill      XL: |  1  2  3 |
---------------+----------+-----
Unarmed Combat | 3 |  3.2
Dodging        | 3 |  3.1
Shapeshifting  | 4 |  4.0
Fighting       | |  2.8

Action                     |  1- 3 |  4- 6 || total
---------------------------+-------+-------++-------
  Melee: Unarmed           |    90 |     5 ||    95
 Armour: Animal skin       |    12 |     1 ||    13
  Dodge: Dodged            |    66 |     8 ||    74

Table legend: (Time is in decaauts)
 A = Elapsed time spent in this place.
 B = Non-inter-level travel time spent in this place.
 C = Inter-level travel time spent in this place.
 D = Time resting spent in this place.
 E = Time spent auto-exploring this place.
 F = Levels seen in this place.
 G = Mean time per level.
                   A        B        C        D        E       F      G
               +--------+--------+--------+--------+--------+-----+--------+
         Total |    743 |    743 |      0 |      0 |      0 |   3 |  247.7 |
       Dungeon |    743 |    743 |      0 |      0 |      0 |   3 |  247.7 |
               +--------+--------+--------+--------+--------+-----+--------+

Top non-repeatable levels by time:
     D:2: 367 daAuts
     D:1: 339 daAuts
     D:3: 35 daAuts
